 Dungeon Crawl Stone Soup version 0.25.1-2-g60ff931df9 (webtiles) character file.

Game seed: 17868942331202734057

6958 Erymatos the Cleaver (level 10, -2/91 HPs)
             Began as a Minotaur Berserker on Oct 31, 2020.
             Was a High Priest of Trog.
             Slain by a skeletal warrior
             ... wielding a +0 trident
             ... led by a skeletal warrior
              (7 damage)
             ... on level 10 of the Dungeon.
             The game lasted 00:12:56 (9064 turns).

Erymatos the Cleaver (Minotaur Berserker)           Turns: 9064, Time: 00:12:56

Health: -2/91      AC: 10    Str: 25    XL:     10   Next: 81%
Magic:  9/9        EV: 12    Int:  0    God:    Trog [*****.]
Gold:   102        SH: 12    Dex: 10    Spells: 9/9 levels left

rFire    + . .     SeeInvis .   H - +2 war axe (elec)
rCold    + . .     Gourm    .   b - +2 kite shield {rC+ rF+}
rNeg     . . .     Faith    .   G - +3 ring mail {MR+}
rPois    .         Spirit   .   (helmet restricted)
rElec    .         Reflect  .   C - scarf {+Inv}
rCorr    .         Harm     .   (no gloves)
MR       +....                  (no boots)
Stlth    +.........             (no amulet)
HPRegen  0.25/turn              (no ring)
MPRegen  0.11/turn              E - -4 ring of intelligence (curse)

@: berserk cooldown, slowed, lost intelligence, very slow
A: retaliatory headbutt, horns 2
a: Berserk, Trog's Hand, Brothers in Arms, Renounce Religion, Evoke Invisibility


You were on level 10 of the Dungeon.
You worshipped Trog.
Trog was extremely pleased with you.
You were very hungry.

You visited 1 branch of the dungeon, and saw 10 of its levels.

You collected 644 gold pieces.
You spent 542 gold pieces at shops.

Inventory:

Hand Weapons
 H - a +2 war axe of electrocution (weapon)
Armour
 b - a +2 kite shield of resistance (worn)
 C - a scarf of invisibility (worn)
 G - a +3 ring mail of magic resistance (worn)
Jewellery
 d - a +6 ring of strength
 e - an uncursed ring of stealth
 g - a +4 ring of protection
 o - an uncursed amulet of the acrobat
 u - an uncursed ring of ice
 B - an uncursed ring of positive energy
 E - a cursed -4 ring of intelligence (right hand)
Wands
 t - a wand of random effects (30)
 y - a wand of iceblast (10)
Scrolls
 a - 2 scrolls of magic mapping {unknown}
 f - 5 scrolls of fear {unknown}
 j - 3 scrolls of enchant weapon {unknown}
 k - 4 scrolls of remove curse {unknown}
 l - 6 scrolls of identify {unknown}
 p - 3 scrolls of teleportation {unknown}
 q - 3 scrolls of blinking {unknown}
 s - 2 scrolls of amnesia {unknown}
 z - 2 scrolls of enchant armour {unknown}
 A - a scroll of noise {unknown}
 J - a scroll of holy word {unknown}
Potions
 h - 4 potions of curing {unknown}
 i - 3 potions of might {unknown}
 m - 2 potions of stabbing {unknown}
 n - a potion of berserk rage {unknown}
 r - 2 potions of haste {unknown}
 v - a potion of resistance {unknown}
 w - a potion of lignification {unknown}
 x - a potion of mutation {unknown}
 D - a potion of degeneration {unknown}
 F - 2 potions of flight {unknown}
Comestibles
 c - 8 rations


   Skills:
 + Level 9.3 Fighting
 + Level 13.0 Axes
 + Level 9.0 Armour
 + Level 7.0 Dodging
 - Level 1.2 Stealth
 + Level 4.5 Shields


You had 9 spell levels left.
You didn't know any spells.
Your spell library was empty.

Dungeon Overview and Level Annotations

Branches:
Dungeon (10/15)            Temple (0/1) D:6            Lair (0/6) D:8
    Orc: D:9-12

Altars:
Gozag
Nemelex Xobeh
Sif Muna
Uskayaw
Vehumet
Zin
The Shining One

Shops:
D:5 *   D:6 :   D:8 [


Innate Abilities, Weirdness & Mutations

You reflexively headbutt those who attack you in melee.
You have a pair of horns on your head.


Message History

You headbutt the skeletal warrior, but do no damage.
The skeletal warrior is severely damaged.
The skeletal warrior misses you.
The skeletal warrior completely misses you.
Unknown command.
You slash the skeletal warrior!
You headbutt the skeletal warrior, but do no damage.
The skeletal warrior is almost destroyed.
The skeletal warrior closely misses you.
You furiously retaliate!
You headbutt the skeletal warrior, but do no damage.
You closely miss the skeletal warrior.
The skeletal warrior is almost destroyed.
You block the skeletal warrior's attack.
Unknown command.
You hit the skeletal warrior. You headbutt the skeletal warrior.
The skeletal warrior is almost destroyed.
You block the skeletal warrior's attack.
The skeletal warrior hits you with a +0 trident!
You die...

# #.
#.######
......# .##
#....##....
#.))>...#
#.<@z..#
#...#......
##### .##..
.. ##


You could see a skeletal warrior.

Vanquished Creatures
  2 skeletal warriors (D:10)
  Pikel (D:7)
  Joseph (D:9)
  Psyche (D:8)
  Prince Ribbit (D:8)
  A human (D:9)
  10 yaks (D:9)
  2 slaves (D:7)
  3 ice beasts
  The ghost of MilkNation the Twirler, an amateur MiGl (D:3)
  3 ogres
  2 phantoms
  2 centaurs
  5 bullfrogs
  4 scorpions
  4 killer bees (D:9)
  A water moccasin skeleton (D:9)
  4 howler monkeys
  A crimson imp (D:6)
  A centaur zombie (D:7)
  5 orc priests
  A gnoll shaman (D:5)
  2 hounds
  8 orc wizards
  A bullfrog skeleton (D:4)
  3 iguanas
  9 worker ants
  2 hound zombies
  2 hound skeletons
  A howler monkey zombie (D:7)
  6 gnolls
  11 adders
  A shadow imp (D:5)
  2 oozes
  An adder zombie (D:5)
  An adder skeleton (D:6)
  3 worms
  4 leopard geckos
  25 orcs
  2 ball pythons
  11 giant cockroaches
  10 goblins
  6 hobgoblins
  11 jackals
  4 quokkas
  4 bats
  A frilled lizard (D:3)
  A giant cockroach zombie (D:5)
  6 kobolds
  A leopard gecko zombie (D:6)
  11 rats
206 creatures vanquished.

Vanquished Creatures (others)
  An adder (D:7)
  A fungus (D:8)
  A plant (D:8)
3 creatures vanquished.

Grand Total: 209 creatures vanquished

Notes
Turn   | Place    | Note
-------+----------+-------------------------------------------
     0 | D:1      | Erymatos the Minotaur Berserker began the quest for the
                  | Orb.
     0 | D:1      | Reached XP level 1. HP: 19/19 MP: 0/0
   322 | D:1      | Reached XP level 2. HP: 27/27 MP: 1/1
   519 | D:1      | Reached skill level 4 in Axes
   948 | D:1      | Reached XP level 3. HP: 25/34 MP: 2/2
  1044 | D:1      | Reached ** piety under Trog
  1666 | D:2      | Reached skill level 1 in Stealth
  1793 | D:2      | Reached XP level 4. HP: 41/41 MP: 3/3
  2440 | D:3      | Found a runed translucent gate.
  2441 | D:3      | Found a runed translucent gate.
  2441 | D:3      | Found an opulent altar of Gozag.
  2441 | D:3      | Found a runed translucent gate.
  2442 | D:3      | Noticed MilkNation's ghost (amateur MiGl)
  2682 | D:3      | Found a glowing golden altar of the Shining One.
  2988 | D:3      | Killed MilkNation's ghost
  2988 | D:3      | Reached skill level 5 in Axes
  2988 | D:3      | Reached XP level 5. HP: 47/47 MP: 4/4
  3091 | D:4      | Reached skill level 5 in Fighting
  3124 | D:4      | Noticed a phantom
  3140 | D:4      | Killed a phantom
  3140 | D:4      | Reached XP level 6. HP: 42/56 MP: 5/5
  3255 | D:4      | Reached skill level 6 in Axes
  3295 | D:4      | Reached *** piety under Trog
  3562 | D:4      | Reached XP level 7. HP: 57/61 MP: 6/6
  3799 | D:5      | Entered Level 5 of the Dungeon
  3840 | D:5      | Reached skill level 5 in Armour
  4206 | D:5      | Reached skill level 7 in Axes
  4524 | D:5      | Found a shimmering blue altar of Sif Muna.
  4705 | D:5      | Found Mafaz's Lightly-Used Armoury.
  4845 | D:6      | Found Icraonoa's Book Shoppe.
  4984 | D:6      | Reached skill level 8 in Axes
  4984 | D:6      | Reached XP level 8. HP: 70/70 MP: 7/7
  5509 | D:6      | Found a staircase to the Ecumenical Temple.
  5756 | D:7      | Noticed Pikel
  5776 | D:7      | Killed Pikel
  5776 | D:7      | Reached skill level 9 in Axes
  5776 | D:7      | Reached skill level 5 in Dodging
  6077 | D:7      | Reached **** piety under Trog
  6123 | D:7      | Reached skill level 10 in Axes
  6123 | D:7      | Reached XP level 9. HP: 78/78 MP: 8/8
  6297 | D:7      | Lost intelligence.
  6413 | D:8      | Noticed Prince Ribbit
  6415 | D:8      | Found a staircase to the Lair.
  6448 | D:8      | Killed Prince Ribbit
  6614 | D:8      | Noticed Psyche
  6638 | D:8      | Killed Psyche
  6656 | D:8      | Reached skill level 11 in Axes
  6657 | D:8      | HP: 5/118 [bullfrog (7)]
  7153 | D:8      | Found a sparkling altar of Nemelex Xobeh.
  7299 | D:8      | Found Ematunni's Antique Armour Boutique.
  7302 | D:8      | Bought a glowing kite shield for 262 gold pieces
  7307 | D:8      | Bought an embroidered scarf for 280 gold pieces
  7445 | D:9      | Reached XP level 10. HP: 17/88 MP: 9/9
  7445 | D:9      | HP: 3/88 [yak (14)]
  7712 | D:9      | Reached skill level 12 in Axes
  7721 | D:9      | Reached skill level 1 in Shields
  7734 | D:9      | Reached ***** piety under Trog
  8544 | D:9      | Found a hide-covered altar of Uskayaw.
  8544 | D:9      | Found a glowing silver altar of Zin.
  8544 | D:9      | Found a radiant altar of Vehumet.
  8751 | D:9      | Noticed Joseph
  8760 | D:9      | Killed Joseph
  9042 | D:10     | Entered Level 10 of the Dungeon
  9042 | D:10     | Noticed a skeletal warrior
  9042 | D:10     | Noticed a skeletal warrior
  9045 | D:10     | Noticed a skeletal warrior
  9049 | D:10     | Killed a skeletal warrior
  9051 | D:10     | Killed a skeletal warrior
  9051 | D:10     | Reached skill level 13 in Axes
  9059 | D:10     | HP: 3/91 [skeletal warrior/+0 trident[a skeletal warrior]
                  | (10)]
  9064 | D:10     | Slain by a skeletal warrior

Illustrated notes

Levels and vault maps discovered:
D:1:      lightli_arrival_flooded_house, layout_loops_corners
D:2:      layout_basic, first_ration
D:3:      minmay_roachtagon, layout_loops_corners, overflow_temple_1_default,
          ebering_ghost_gozag
D:4:      layout_rooms
D:5:      layout_basic, led_sif_pool, kennysheep_cluttered_room,
          minmay_shop_damaged
D:6:      layout_cave_pods, minmay_temple_entry_fiery, serial_shops, shop
D:7:      layout_rooms, uniq_pikel
D:8:      layout_basic, lemuel_doored_altar, dpeg_oklobed_lair, serial_shops,
          kennysheep_mini_moat, uniq_psyche, uniq_prince_ribbit1
D:9:      layout_long_grid, gammafunk_temple_overflow_claw, grunt_pizzeria,
          uniq_joseph
D:10:     layout_rooms

Skill      XL: |  1  2  3  4  5  6  7  8  9 10 |
---------------+-------------------------------+-----
Fighting       | 4 5 6 8 9 |  9.3
Axes           | 4 5 6 8 10 11 13 | 13.0
Stealth        | 1 |  1.2
Dodging        | 3 4 5 6 7 |  7.0
Armour         | 3 4 6 7 8 9 |  9.0
Shields        | 4 |  4.5

Action                   |  1- 3 |  4- 6 |  7- 9 | 10-12 || total
-------------------------+-------+-------+-------+-------++-------
Melee: Hand axe          |    74 |   108 |   274 |       ||   456
       Headbutt          |    13 |    21 |    62 |    23 ||   119
       War axe           |       |       |    11 |   104 ||   115
Invok: Berserk           |       |     2 |     2 |     3 ||     7
 Stab: Sleeping          |     4 |     2 |     1 |       ||     7
  Eat: Chunk             |     3 |     7 |    14 |     4 ||    28
       Ration            |       |       |       |     2 ||     2
Armor: Animal skin       |     9 |       |       |       ||     9
       Ring mail         |       |    39 |   114 |    15 ||   168
Dodge: Dodged            |    44 |    67 |   187 |    36 ||   334
Block: Kite shield       |       |       |    10 |    64 ||    74
